 Dungeon Crawl Stone Soup version 0.17.0-57-g0e89251 (webtiles) character file.

69 PossumBlood the Shield-Bearer (level 4, -5/37 HPs)
             Began as a Formicid Fighter on Dec 7, 2015.
             Killed from afar by Sigmund (8 damage)
             ... with a magic dart
             ... on level 2 of the Dungeon.
             The game lasted 00:02:20 (873 turns).

PossumBlood the Shield-Bearer (Formicid Fighter)     Turns: 873, Time: 00:02:20

Health: -5/37      AC:  7    Str: 26    XL:     4   Next: 42%
Magic:  4/4        EV:  8    Int:  8    God:
Gold:   91         SH:  0    Dex: 10    Spells: 0 memorised, 3 levels left

rFire  . . .     SeeInvis +     a - +0 war axe
rCold  . . .     Clarity  .     b - +0 scale mail
rNeg   + . .     SustAt   .     c - +0 shield
rPois  .         Gourm    .     (helmet unavailable)
rElec  .         Spirit   .     (no cloak)
rCorr  .         Warding  .     (no gloves)
rMut   .         Stasis   +     (no boots)
MR     .....                    (no amulet)
Stlth  ..........               (no ring)
                                n - ring of positive energy

@: confused, mighty, not resistant to hostile enchantments, extremely unstealthy
A: permanent stasis, dig shafts and tunnels, four strong arms, antennae 3
a: Dig, Shaft Self


You were on level 2 of the Dungeon.
You were not hungry.

You visited 1 branch of the dungeon, and saw 2 of its levels.

You collected 91 gold pieces.

Inventory:

Hand Weapons
 a - a +0 war axe (weapon)
Missiles
 g - 8 tomahawks (quivered)
Armour
 b - a +0 scale mail (worn)
 c - a +0 shield (worn)
Jewellery
 n - a ring of positive energy (left hand)
Scrolls
 f - 4 scrolls of identify {unknown}
 h - a scroll of random uselessness {unknown}
 j - a scroll of fear {unknown}
 l - a scroll of immolation {unknown}
 m - a scroll of enchant weapon {unknown}
Potions
 d - 2 potions of might
 k - a potion of beneficial mutation {unknown}
Comestibles
 e - a bread ration
 i - 4 fruits


   Skills:
 + Level 3.8 Fighting
 * Level 3.0 Axes
 + Level 3.8 Armour
 + Level 4.1 Shields


You had 3 spell levels left.
You didn't know any spells.

Dungeon Overview and Level Annotations

Branches:
Dungeon (2/15)

Altars:
Vehumet

Annotations:
D:2 Sigmund, Terence


Innate Abilities, Weirdness & Mutations

You are under a permanent stasis effect.
You can dig through walls and to a lower floor.
Your four strong arms can wield two-handed weapons with a shield.
You have a pair of large antennae on your head (SInv).


Message History

You feel very mighty all of a sudden. Terence completely misses you.
You block Sigmund's attack.
Your shield and scale mail prevent you from hitting Terence.
Terence is moderately wounded.
Terence hits you but does no damage. Sigmund casts a spell at you.
You are confused.
Terence hits you but does no damage.
You bump into the rock wall.
Terence hits you but does no damage.
Sigmund says, "You will soon forget everything."
Terence hits you but does no damage. Sigmund barely misses you.
A bat comes into view.
You see here a rat corpse.
You bump into the rock wall.
Terence hits you with a trident!
* * * LOW HITPOINT WARNING * * *
An adder comes into view.
You bump into the rock wall.
Sigmund casts a spell at you. The magic dart hits you!
You die...

#.# .....# #.# .....#
#.##.# .....# #.##.#
.....# #.##.# { .....#
#.##.# .....#
#.##.##.########@....#
#.##.##........@@b.S.#
##.##.######...###+##.#
.#.##.# #......#
.#....###......#
.............###
.#########+### #
.#.......#.# ######## .#
.#.#####.#.###......##.#
.#.# #<#.#.............


You could see Sigmund (invisible), Terence, an adder and a bat.

Vanquished Creatures
  Jessica (D:2)
  A gnoll (D:1)
  An ooze (D:1)
  A giant gecko (D:1)
  A ball python (D:2)
  3 giant cockroaches (D:1)
  5 goblins
  4 hobgoblins (D:1)
  2 bats (D:1)
  2 giant newts
  6 kobolds
  5 rats
32 creatures vanquished.

Notes
Turn   | Place    | Note
--------------------------------------------------------------
     0 | D:1      | PossumBlood the Formicid Fighter began the quest for the Orb.
     0 | D:1      | Reached XP level 1. HP: 18/18 MP: 1/1
    25 | D:1      | Reached XP level 2. HP: 24/24 MP: 2/2
   271 | D:1      | Reached XP level 3. HP: 27/29 MP: 3/3
   305 | D:1      | Reached skill level 4 in Shields
   746 | D:2      | Found a radiant altar of Vehumet.
   854 | D:2      | Noticed Terence
   858 | D:2      | Noticed Sigmund
   858 | D:2      | Noticed Jessica
   864 | D:2      | Killed Jessica
   864 | D:2      | Reached XP level 4. HP: 28/37 MP: 4/4
   873 | D:2      | Killed from afar by Sigmund

Action                   |  1- 3 |  4- 6 || total
-------------------------+-------+-------++-------
Melee: War axe           |   100 |     3 ||   103
  Use: Potion            |       |     1 ||     1
